TOP OF THE 1ST |
State College Spikes batting - Pitching for Athens Assassins : RHP Rafael Reyes
|
Pitching: RHP Rafael Reyes
|
|
Batting: LHB William Mitchell
|
0-0: Ball 1-0: Ball 2-0: Called Strike 2-1: Swinging Strike 2-2: Ball 3-2: Base on Balls
|
Batting: LHB Ángel Figueiedo
|
0-0: Called Strike 0-1: Called Strike 0-2: Fly out, F9 (Flyball, 9S)
|
Batting: RHB Iván Romero
|
0-0: Ball William Mitchell steals 2nd base 1-0: Called Strike 1-1: Called Strike 1-2: Ball 2-2: Foul Ball, location: 2F 2-2: Ball 3-2: Fly out, F8 (Line Drive, 89M)
|
Batting: RHB Daniel Martínez
|
0-0: Foul Ball, location: 2F 0-1: Ball 1-1: Ball 2-1: Called Strike 2-2: Foul Ball, location: 2F 2-2: Ball 3-2: Base on Balls
|
Batting: RHB Mike Hurt
|
0-0: Ball 1-0: Called Strike 1-1: Ball 2-1: Fielders Choice at 2nd, 6-4 (Groundball, 6)
|
Top of the 1st over - 0 runs, 0 hits, 0 errors, 2 left on base; State College 0 - Athens 0 |
BOTTOM OF THE 1ST |
Athens Assassins batting - Pitching for State College Spikes : RHP Millard Ford
|
Pitching: RHP Millard Ford
|
|
Batting: RHB Júlio Castillo
|
0-0: Called Strike 0-1: SINGLE (Groundball, 25) (infield hit)
|
Batting: RHB Luis López
|
0-0: Swinging Strike 0-1: Ball 1-1: Ball 2-1: SINGLE (Groundball, 15S) (infield hit) Júlio Castillo to second
|
Batting: SHB Chris Barrett
|
0-0: Ball 1-0: Ball 2-0: Ball 3-0: Base on Balls Júlio Castillo to third Luis López to second
|
Batting: RHB Maximino Abbado
|
0-0: Ball 1-0: SINGLE (Flyball, 89M) Júlio Castillo scores Luis López to third Chris Barrett to second
|
Batting: RHB Jorge Loanos
|
0-0: Ball 1-0: Ball 2-0: SINGLE (Groundball, 56D) Luis López scores Chris Barrett to third Maximino Abbado to second
|
Batting: RHB Pat Johnston
|
0-0: Called Strike 0-1: Ball 1-1: Grounds into fielders choice 1-2 (Groundball, 13) Maximino Abbado to third Jorge Loanos to second
|
Batting: RHB Bill Davis
|
0-0: Ball 1-0: Ball 2-0: Foul Ball, location: 2F 2-1: Ball 3-1: Foul Ball, location: 2F 3-2: Base on Balls Maximino Abbado scores Jorge Loanos to third Pat Johnston to second
|
Batting: RHB Britt Short
|
0-0: Swinging Strike 0-1: Ball 1-1: Called Strike 1-2: Strikes out swinging
|
Batting: RHB Don Martin
|
0-0: Ball 1-0: Ball 2-0: Fly out, F8 (Line Drive, 8LS)
|
Bottom of the 1st over - 3 runs, 4 hits, 0 errors, 3 left on base; State College 0 - Athens 3 |
TOP OF THE 2ND |
State College Spikes batting - Pitching for Athens Assassins : RHP Rafael Reyes
|
Batting: RHB Steve Welch
|
0-0: SINGLE (Line Drive, 56D)
|
Batting: RHB Jorge Molina
|
0-0: Grounds into double play, 5-4-3 (Groundball, 56)
|
Batting: RHB Héctor Villarreal
|
0-0: Ball 1-0: Ball 2-0: Fly out, F7 (Flyball, 7D)
|
Top of the 2nd over - 0 runs, 1 hit, 0 errors, 0 left on base; State College 0 - Athens 3 |
BOTTOM OF THE 2ND |
Athens Assassins batting - Pitching for State College Spikes : RHP Millard Ford
|
Batting: RHB Júlio Castillo
|
0-0: Ball 1-0: Called Strike 1-1: Ball 2-1: Ground out 3-1 (Groundball, 34)
|
Batting: RHB Luis López
|
0-0: Ball 1-0: Ball 2-0: Foul Ball, location: 2F 2-1: Called Strike 2-2: Ball 3-2: Foul Ball, location: 2F 3-2: SINGLE (Groundball, 6D)
|
Batting: SHB Chris Barrett
|
0-0: Ball 1-0: Ball 2-0: Foul Ball, location: 2F 2-1: Foul Ball, location: 2F 2-2: Foul Ball, location: 2F 2-2: Fly out, F1 (Line Drive, 13)
|
Batting: RHB Maximino Abbado
|
0-0: Ball 1-0: Ball 2-0: DOUBLE (Line Drive, 78D) Luis López to third
|
Batting: RHB Jorge Loanos
|
0-0: Ball Wild Pitch! Luis López scores Maximino Abbado to third 1-0: Ball 2-0: Ball 3-0: Called Strike 3-1: Foul Ball, location: 2F 3-2: Foul Ball, location: 2F 3-2: Base on Balls
|
Batting: RHB Pat Johnston
|
0-0: Called Strike 0-1: Swinging Strike 0-2: Ball 1-2: Ball 2-2: Strikes out swinging
|
Bottom of the 2nd over - 1 run, 2 hits, 0 errors, 2 left on base; State College 0 - Athens 4 |
TOP OF THE 3RD |
State College Spikes batting - Pitching for Athens Assassins : RHP Rafael Reyes
|
Batting: RHB Gustavo Martínez
|
0-0: Fly out, F1 (Popup, 15)
|
Batting: LHB William Mitchell
|
0-0: Ball 1-0: Foul Ball, location: 2F 1-1: Ball 2-1: Foul Ball, location: 2F 2-2: Strikes out looking
|
Batting: LHB Ángel Figueiedo
|
0-0: Ground out 3-1 (Groundball, 34)
|
Top of the 3rd over - 0 runs, 0 hits, 0 errors, 0 left on base; State College 0 - Athens 4 |
BOTTOM OF THE 3RD |
Athens Assassins batting - Pitching for State College Spikes : RHP Millard Ford
|
Batting: RHB Bill Davis
|
0-0: Foul Ball, location: 2F 0-1: Ball 1-1: SINGLE (Groundball, 6MD)
|
Batting: RHB Britt Short
|
0-0: Called Strike 0-1: Swinging Strike 0-2: Grounds into double play, 6-4-3 (Groundball, 56)
|
Batting: RHB Don Martin
|
0-0: SINGLE (Groundball, 34D)
|
Batting: RHB Júlio Castillo
|
0-0: SINGLE (Groundball, 6MD) Don Martin to second Runner from 2nd tries for 3rd, SAFE, no throw
|
Batting: RHB Luis López
|
0-0: Ball 1-0: Foul Ball, location: 2F 1-1: Ball 2-1: Swinging Strike 2-2: Ball 3-2: Foul Ball, location: 2F 3-2: Strikes out swinging
|
Bottom of the 3rd over - 0 runs, 3 hits, 0 errors, 2 left on base; State College 0 - Athens 4 |
TOP OF THE 4TH |
State College Spikes batting - Pitching for Athens Assassins : RHP Rafael Reyes
|
Batting: RHB Iván Romero
|
0-0: Fly out, F9 (Flyball, 89XD)
|
Batting: RHB Daniel Martínez
|
0-0: Ball 1-0: Called Strike 1-1: Foul Ball, location: 2F 1-2: Strikes out swinging
|
Batting: RHB Mike Hurt
|
0-0: Ball 1-0: Called Strike 1-1: Swinging Strike 1-2: Strikes out swinging
|
Top of the 4th over - 0 runs, 0 hits, 0 errors, 0 left on base; State College 0 - Athens 4 |
BOTTOM OF THE 4TH |
Athens Assassins batting - Pitching for State College Spikes : RHP Millard Ford
|
Batting: SHB Chris Barrett
|
0-0: Ball 1-0: Foul Ball, location: 2F 1-1: SINGLE (Flyball, 8RS)
|
Pitching: RHP Lou Hawkins
|
|
Batting: RHB Maximino Abbado
|
0-0: Ball
|
|
|
|
1-0: Swinging Strike 1-1: Foul Ball, location: 2F 1-2: Ball 2-2: Ball 3-2: Strikes out swinging
|
Batting: RHB Jorge Loanos
|
0-0: Ball 1-0: DOUBLE (Line Drive, 7LM) Chris Barrett to third Runner from 3rd tries for Home, SAFE, no throw
|
Batting: RHB Pat Johnston
|
0-0: Fly out, F5 (Popup, 5SF)
|
Batting: RHB Bill Davis
|
0-0: Ball 1-0: Ball 2-0: Fly out, F5 (Line Drive, 5)
|
Bottom of the 4th over - 1 run, 2 hits, 0 errors, 1 left on base; State College 0 - Athens 5 |
TOP OF THE 5TH |
State College Spikes batting - Pitching for Athens Assassins : RHP Rafael Reyes
|
Batting: RHB Steve Welch
|
0-0: Foul Ball, location: 2F 0-1: Ground out 4-3 (Groundball, 4)
|
Batting: RHB Jorge Molina
|
0-0: Ball 1-0: Ball 2-0: Foul Ball, location: 2F 2-1: Ground out 4-3 (Groundball, 34)
|
Batting: RHB Héctor Villarreal
|
0-0: Called Strike 0-1: Ground out 6-3 (Groundball, 6)
|
Top of the 5th over - 0 runs, 0 hits, 0 errors, 0 left on base; State College 0 - Athens 5 |
BOTTOM OF THE 5TH |
Athens Assassins batting - Pitching for State College Spikes : RHP Lou Hawkins
|
Batting: RHB Britt Short
|
0-0: Foul Ball, location: 2F 0-1: Called Strike 0-2: Foul Ball, location: 2F 0-2: Ground out 6-3 (Groundball, 6)
|
Batting: RHB Don Martin
|
0-0: Ball 1-0: Ball 2-0: Ball 3-0: Called Strike 3-1: Base on Balls
|
Batting: RHB Júlio Castillo
|
0-0: Foul Ball, location: 2F 0-1: Foul Ball, location: 2F 0-2: Fly out, F8 (Line Drive, 89D)
|
Batting: RHB Luis López
|
0-0: Ball 1-0: Ball 2-0: Ball 3-0: Base on Balls Don Martin to second
|
Batting: SHB Chris Barrett
|
0-0: Fly out, F7 (Line Drive, 7)
|
Bottom of the 5th over - 0 runs, 0 hits, 0 errors, 2 left on base; State College 0 - Athens 5 |
TOP OF THE 6TH |
State College Spikes batting - Pitching for Athens Assassins : RHP Rafael Reyes
|
Batting: RHB Gustavo Martínez
|
0-0: Ball 1-0: Fly out, F9 (Line Drive, 9)
|
Batting: LHB William Mitchell
|
0-0: Called Strike 0-1: TRIPLE (Line Drive, 89XD)
|
Batting: LHB Ángel Figueiedo
|
0-0: Ball 1-0: Ball 2-0: Fly out, F9 (Flyball, 9) Runner from 3rd tags up, SCORES, no throw
|
Batting: RHB Iván Romero
|
0-0: Called Strike 0-1: Ball 1-1: Foul Ball, location: 2F 1-2: Strikes out swinging
|
Top of the 6th over - 1 run, 1 hit, 0 errors, 0 left on base; State College 1 - Athens 5 |
BOTTOM OF THE 6TH |
Athens Assassins batting - Pitching for State College Spikes : RHP Lou Hawkins
|
Batting: RHB Maximino Abbado
|
0-0: Ball 1-0: Called Strike 1-1: Foul Ball, location: 2F 1-2: Foul Ball, location: 2F 1-2: Ball 2-2: Foul Ball, location: 2F 2-2: Foul Ball, location: 2F 2-2: SINGLE (Groundball, 56D)
|
Batting: RHB Jorge Loanos
|
0-0: Called Strike 0-1: Swinging Strike 0-2: Ball 1-2: Ball 2-2: Ball 3-2: Grounds into double play, 5-4-3 (Groundball, 56)
|
Batting: RHB Pat Johnston
|
0-0: Ball 1-0: Ball 2-0: Swinging Strike 2-1: Ground out 5-3 (Groundball, 5S)
|
Bottom of the 6th over - 0 runs, 1 hit, 0 errors, 0 left on base; State College 1 - Athens 5 |
TOP OF THE 7TH |
State College Spikes batting - Pitching for Athens Assassins : RHP Rafael Reyes
|
Batting: RHB Daniel Martínez
|
0-0: Ball 1-0: Called Strike 1-1: Called Strike 1-2: Ground out 6-3 (Groundball, 56)
|
Batting: RHB Mike Hurt
|
0-0: Swinging Strike 0-1: Ball 1-1: Swinging Strike 1-2: Strikes out swinging
|
Batting: RHB Steve Welch
|
0-0: Foul Ball, location: 2F 0-1: Swinging Strike 0-2: Ball 1-2: Strikes out swinging
|
Top of the 7th over - 0 runs, 0 hits, 0 errors, 0 left on base; State College 1 - Athens 5 |
BOTTOM OF THE 7TH |
Athens Assassins batting - Pitching for State College Spikes : RHP Lou Hawkins
|
Batting: RHB Bill Davis
|
0-0: Ball 1-0: Ball 2-0: Ball 3-0: Called Strike 3-1: Base on Balls
|
Batting: RHB Britt Short
|
0-0: Ball 1-0: Ball 2-0: Fly out, F8 (Flyball, 8LM)
|
Batting: RHB Don Martin
|
0-0: Foul Ball, location: 2F 0-1: Grounds into double play, 4-6-3 (Groundball, 4M)
|
Bottom of the 7th over - 0 runs, 0 hits, 0 errors, 0 left on base; State College 1 - Athens 5 |
TOP OF THE 8TH |
State College Spikes batting - Pitching for Athens Assassins : RHP Rafael Reyes
|
Batting: RHB Jorge Molina
|
0-0: Ball 1-0: Swinging Strike 1-1: Ground out U3 (Groundball, 3)
|
Batting: RHB Héctor Villarreal
|
0-0: Ground out U3 (Groundball, 3L)
|
Batting: RHB Gustavo Martínez
|
0-0: Ball 1-0: Ball 2-0: Ball 3-0: Base on Balls
|
Batting: LHB William Mitchell
|
0-0: Called Strike 0-1: Ball 1-1: Foul Ball, location: 2F 1-2: Ground out 1-3 (Groundball, 13S)
|
Top of the 8th over - 0 runs, 0 hits, 0 errors, 1 left on base; State College 1 - Athens 5 |
BOTTOM OF THE 8TH |
Athens Assassins batting - Pitching for State College Spikes : RHP Lou Hawkins
|
Batting: RHB Júlio Castillo
|
0-0: Ball 1-0: Called Strike 1-1: Fly out, F2 (Popup, 2LF)
|
Batting: RHB Luis López
|
0-0: Fly out, F8 (Flyball, 8LM)
|
Batting: SHB Chris Barrett
|
0-0: Swinging Strike 0-1: Ball 1-1: Fly out, F9 (Line Drive, 9)
|
Bottom of the 8th over - 0 runs, 0 hits, 0 errors, 0 left on base; State College 1 - Athens 5 |
TOP OF THE 9TH |
State College Spikes batting - Pitching for Athens Assassins : RHP Rafael Reyes
|
Batting: LHB Ángel Figueiedo
|
0-0: Ball 1-0: Called Strike 1-1: Foul Ball, location: 2F 1-2: Ball 2-2: SINGLE (Line Drive, 4MD)
|
Batting: RHB Iván Romero
|
0-0: Foul Ball, location: 2F 0-1: Called Strike 0-2: Strikes out swinging
|
Batting: RHB Daniel Martínez
|
0-0: Ball 1-0: Swinging Strike 1-1: SINGLE (Groundball, 4MD) Ángel Figueiedo to second
|
Pitching: RHP Corey Brown
|
|
Batting: RHB Mike Hurt
|
0-0: Called Strike 0-1: Foul Ball, location: 2F 0-2: Ball 1-2: Foul Ball, location: 2F 1-2: Foul Ball, location: 2F 1-2: Foul Ball, location: 2F 1-2: Strikes out swinging
|
Batting: RHB Steve Welch
|
0-0: Foul Ball, location: 2F 0-1: Fly out, F9 (Flyball, 9LS)
|
Top of the 9th over - 0 runs, 2 hits, 0 errors, 2 left on base; State College 1 - Athens 5 |
|
Saturday, April 7th, 2018 - OOTP Baseball 18.8 Build 76
|
|